 Dungeon Sprint DCSS version 0.30-a0-159-g068b764562 (webtiles) character file.

Game seed: 6820305491761690591

0 Iusername the Covered (level 3, -2/37 HPs)
             Began as a Minotaur Fighter on Sept 27, 2022.
             Succumbed to Crazy Yiuf's poison
             ... in the Dungeon (Sprint VI: "Thunderdome").
             The game lasted 00:00:31 (32 turns).

Iusername the Covered (Minotaur Fighter)              Turns: 32, Time: 00:00:32

Health: -2/37      AC:  7    Str: 22    XL:     3   Next: 89%
Magic:  2/2        EV:  9    Int:  5    God:
Gold:   200        SH:  5    Dex:  9    Spells: 2/2 levels left

rFire   . . .      SeeInvis .    a - +0 trident
rCold   . . .      Faith    .    c - +0 buckler
rNeg    . . .      Spirit   .    b - +0 scale mail
rPois   .          Reflect  .    (helmet restricted)
rElec   .          Harm     .    (no cloak)
rCorr   .          Rampage  .    (no gloves)
Will    .....      NoTele   +    (no boots)
Stlth   ..........               (no amulet)
HPRegen 0.12/turn                (no ring)
MPRegen 0.08/turn                (no ring)

@: lethally poisoned (-2 -> -18), on berserk cooldown, slowed, very slow
A: horns 2, retaliatory headbutt
a: no special abilities


You were in the Dungeon.
You visited 1 branch You collected 200 gold pieces.

Inventory:

Hand Weapons
 a - a +0 trident (weapon)
Armour
 b - a +0 scale mail (worn)
 c - a +0 buckler (worn)
Wands
 l - a wand of light (5)
 m - a wand of iceblast (5)
Scrolls
 j - 4 scrolls of blinking
 n - 3 scrolls of butterflies
Potions
 d - a potion of might
 e - a potion of curing
 f - 4 potions of heal wounds
 g - 4 potions of haste
 h - 2 potions of magic
 k - a potion of resistance


   Skills:
 + Level 6.1 Fighting
 + Level 4.0 Polearms
 + Level 6.2 Armour
 + Level 6.0 Shields


You had 2 spell levels left.
You didn't know any spells.
Your spell library was empty.

Dungeon Overview and Level Annotations

Branches:
Dungeon (1/1)

Altars:
Gozag
Okawaru
Ru
Trog
Uskayaw
Xom
Yredelemnul

Shops:
D !!!!

Annotations:
D Crazy Yiuf


Innate Abilities, Weirdness & Mutations

You have a pair of horns on your head.
You reflexively headbutt those who attack you in melee.


Message History

The gnoll sergeant hits you with a +0 trident!
You puncture the gnoll sergeant!
The gnoll sergeant is moderately wounded.
The gnoll sergeant hits you with a +0 trident.
You hit the gnoll sergeant.
The gnoll sergeant is heavily wounded.
The gnoll sergeant hits you with a +0 trident.
You hit the gnoll sergeant.
The gnoll sergeant is severely wounded.
The gnoll sergeant completely misses you.
You furiously retaliate!
You headbutt the gnoll sergeant. You puncture the gnoll sergeant!
You kill the gnoll sergeant!
Your Fighting skill gained 3 levels and is now at level 6!
Your Polearms skill gained 2 levels and is now at level 4!
Your Armour skill gained 3 levels and is now at level 6!
Your Shields skill gained 3 levels and is now at level 6!
You have reached level 2!
You have reached level 3!
Your experience leads to an increase in your attributes!
Increase (S)trength, (I)ntelligence, or (D)exterity?
You feel stronger. x2
You start resting.
You feel a strong urge to attack something.
You are no longer berserk.
You are exhausted.
You feel yourself slow down.
You start resting.
Crazy Yiuf the Enlightened comes into view.
He is wielding a +4 quarterstaff of chaos.
Crazy Yiuf is nearby!
Crazy Yiuf is nearby!
Crazy Yiuf is nearby!
Crazy Yiuf yells, "Papa!
Mountain koolooloo action."
Crazy Yiuf drinks a potion.
Crazy Yiuf seems to grow stronger.
Crazy Yiuf hits you with a +4 quarterstaff of chaos!
* * * LOW HITPOINT WARNING * * *
You are lethally poisoned!
You hit Crazy Yiuf.
Crazy Yiuf is lightly wounded.
You die...

......._# ........#
......._#
###.........###
#⌠...........⌠#
#.8.........8.######
..... #......___∩##
...8. #.8..).....∩###
.....###.......@g....#
#...###..........§#
#.<.# #..........⌠#
#...# #..........⌠#
..###.............##
..8. .8........∩###
..... #......___∩##
#.8.. ....8.######
#⌠.. ......⌠#


You could see Crazy Yiuf (strong).

Vanquished Creatures
  A gnoll sergeant (D)
1 creature vanquished.

Notes
Turn   | Place    | Note
-------+----------+-------------------------------------------
     0 | D        | Iusername the Minotaur Fighter began the quest for the Orb.
     0 | D        | Reached XP level 1. HP: 19/19 MP: 0/0
     1 | D        | Found an opulent altar of Gozag.
     1 | D        | Found an iron altar of Okawaru.
     2 | D        | Found a shimmering altar of Xom.
     3 | D        | Found a basalt altar of Yredelemnul.
     3 | D        | Found a bloodstained altar of Trog.
     4 | D        | Found Searchatz's Distillery.
     4 | D        | Found a hide-covered altar of Uskayaw.
     4 | D        | Found a sacrificial altar of Ru.
     4 | D        | Found Enuat's Do-It-Yourself Clinic.
     5 | D        | Found Uwaoduf's Distillery.
     5 | D        | Found Zeatra's Bottled Wisdom.
     5 | D        | Round 1.
     6 | D        | Noticed a gnoll sergeant
    15 | D        | Killed a gnoll sergeant
    16 | D        | Reached XP level 2. HP: 16/30 MP: 1/1
    16 | D        | Reached XP level 3. HP: 20/37 MP: 2/2
    28 | D        | Noticed Crazy Yiuf
    32 | D        | Succumbed to Crazy Yiuf's poison

Illustrated notes

Levels and vault maps discovered:
D:        arena_sprint

Skill      XL: |  1 |
---------------+----+-----
Fighting       | 6 |  6.1
Polearms       | 4 |  4.0
Armour         | 6 |  6.2
Shields        | 6 |  6.0

Action                   || total
-------------------------++-------
Melee: Trident           ||     6
  Use: Potion            ||     1
Dodge: Dodged            ||     1

Table legend: (Time is in decaauts)
 A = Elapsed time spent in this place.
 B = Non-inter-level travel time spent in this place.
 C = Inter-level travel time spent in this place.
 D = Time resting spent in this place.
 E = Time spent auto-exploring this place.
 F = Levels seen in this place.
 G = Mean time per level.
                   A        B        C        D        E       F      G
               +--------+--------+--------+--------+--------+-----+--------+
         Total |     37 |     33 |      4 |     17 |      0 |   1 |   37.0 |
       Dungeon |     37 |     33 |      4 |     17 |      0 |   1 |   37.0 |
               +--------+--------+--------+--------+--------+-----+--------+

Top non-repeatable levels by time:
       D: 37 daAuts
